 Dungeon Crawl Stone Soup version 0.21.0-22-g11d5b52 (webtiles) character file.

6771 troglodite the Protected (level 10, -10/80 HPs)
             Began as a Demonspawn Berserker on Jan 18, 2018.
             Was a High Priest of Trog.
             Mangled by a komodo dragon (18 damage)
             ... on level 11 of the Dungeon.
             The game lasted 00:39:18 (10302 turns).

troglodite the Protected (Demonspawn Berserker)    Turns: 10302, Time: 00:39:19

Health: -10/80     AC: 14    Str: 30    XL:     10   Next: 76%
Magic:  10/10      EV: 13    Int:  9    God:    Trog [*****.]
Gold:   484        SH:  0    Dex: 15    Spells: 9/9 levels left

rFire    . . .     SeeInvis .   J - +8 war axe of the Big Fish {drain, rC+ Str+6}
rCold    + + .     Gourm    .   (no shield)
rNeg     . . .     Faith    +   f - +0 chain mail
rPois    +         Spirit   .   (helmet restricted)
rElec    .         Reflect  .   I - +1 cloak {rPois}
rCorr    .         Harm     .   (no gloves)
MR       .....                  y - +0 pair of boots
Stlth    ..........             L - amulet of faith
HPRegen  0.23/turn              M - +6 ring of strength
MPRegen  0.12/turn              t - ring of protection from cold

@: no status effects
A: antennae 2, claws 2, hooves 1, demonic guardian 1, rot immunity
a: Berserk, Trog's Hand, Brothers in Arms, Burn Spellbooks, Renounce Religion


You were on level 11 of the Dungeon.
You worshipped Trog.
Trog was extremely pleased with you.
You were not hungry.

You visited 1 branch of the dungeon, and saw 11 of its levels.

You collected 484 gold pieces.

Inventory:

Hand Weapons
 a - a +0 falchion
 w - a +3 long sword of freezing
 E - a +0 giant club
 J - the +8 war axe of the Big Fish (weapon) {drain, rC+ Str+6}
   (You found it on level 10 of the Dungeon)

   A truly terrible weapon, it drains the life of those it strikes.
   It affects your strength (+6).
   It protects you from cold.
Armour
 f - a +0 chain mail (worn)
 y - a +0 pair of boots (worn)
 I - a +1 cloak of poison resistance (worn)
Jewellery
 t - a ring of protection from cold (right claw)
 v - a +2 ring of dexterity
 L - an amulet of faith (around neck)
 M - a +6 ring of strength (left claw)
Wands
 k - a wand of polymorph (5)
 o - a wand of random effects (20)
 C - a wand of flame (45)
 D - a wand of enslavement (10)
 F - a wand of iceblast (6)
Scrolls
 j - a scroll of teleportation
 m - 2 scrolls of remove curse
 n - 2 scrolls of identify
 q - 2 scrolls of enchant weapon
 x - a scroll of fog {unknown}
 A - a scroll of acquirement {unknown}
 B - 2 scrolls of magic mapping {unknown}
 G - 2 scrolls of enchant armour {unknown}
Potions
 b - 4 potions of curing
 d - a potion of heal wounds
 e - 4 potions of might
 g - 2 potions of haste
 i - a potion of mutation {unknown}
 l - a potion of magic
 p - a potion of flight
 u - a potion of ambrosia
 z - a potion of lignification {unknown}
 H - a potion of brilliance {unknown}
Comestibles
 c - 16 rations
 K - a chunk of flesh


   Skills:
 * Level 7.9 Fighting
   Level 3.7(6.1) Short Blades
 + Level 7.5(7.9) Long Blades
 + Level 1.9 Axes
 * Level 8.5 Armour
 * Level 6.5 Dodging
 + Level 2.5 Stealth


You had 9 spell levels left.
You didn't know any spells.

Dungeon Overview and Level Annotations

Branches:
Dungeon (11/15)            Temple (0/1) D:4            Lair (0/6) D:8
    Orc: D:9-12

Altars:
Fedhas
Hepliaklqana


Innate Abilities, Weirdness & Mutations

You have a pair of antennae on your head.
You have very sharp fingernails.
You have large cloven feet.
A weak demonic guardian rushes to your aid.
You are immune to rotting.


Message History

A komodo dragon comes into view.
The komodo dragon hisses angrily.
Found a scroll of teleportation.
A wraith comes into view.
The komodo dragon bites your shadow imp!!
Your shadow imp dies!
The komodo dragon bites you!!
You closely miss the komodo dragon. The komodo dragon bites you!! x2
* * * LOW HITPOINT WARNING * * *
You slash the komodo dragon! You drain the komodo dragon!
The komodo dragon is moderately wounded.
The komodo dragon closely misses you.
You closely miss the komodo dragon.
The komodo dragon is moderately wounded.
The komodo dragon bites you but does no damage.
The komodo dragon misses you.
You slice the komodo dragon!!
The komodo dragon is severely wounded.
The komodo dragon bites you!!
You die...

#..#.
#....##
#.....+
#.....#
#....?#
#.....#
#.....#
#.....#
#....@#
#.###l#
#....W#
#.....#
#.#...#
# #...#
.....#
#......
#......


You could see a komodo dragon and a wraith.

Vanquished Creatures
  The ghost of komo4ek the Thaumaturge, a journeyman HuSu of Sif Muna (D:10)
  Maurice (D:9)
  A komodo dragon (D:8)
  A merfolk (D:10)
  The ghost of komo4ek the Firebug, an amateur DEFE (D:3)
  A wraith (D:10)
  A steam dragon (D:9)
  A sky beast (D:10)
  An orc warrior (D:6)
  A necrophage (D:10)
  4 phantoms
  5 ogres
  4 centaurs
  6 big kobolds
  2 bullfrogs
  Blork the orc (D:5)
  A wyvern skeleton (D:10)
  A water moccasin skeleton (D:8)
  7 killer bees (D:10)
  7 wights
  7 howler monkeys
  2 crimson imps
  A centaur zombie (D:7)
  5 hounds
  A bullfrog skeleton (D:10)
  2 orc priests
  2 jellies
  4 orc wizards
  A centaur skeleton (D:7)
  3 iguanas
  7 worker ants
  A hound skeleton (D:6)
  3 worker ant zombies
  A howler monkey zombie (D:5)
  11 adders
  11 gnolls
  2 shadow imps
  2 oozes
  An adder skeleton (D:4)
  An adder zombie (D:7)
  5 worms
  A dart slug (D:2)
  6 leopard geckos
  22 orcs
  5 giant cockroaches
  5 goblins
  6 hobgoblins
  16 jackals
  4 quokkas
  9 bats
  6 frilled lizards
  2 jackal skeletons
  46 kobolds
  8 rats
  6 plants (D:5)
263 creatures vanquished.

Vanquished Creatures (collateral kills)
  A two-headed ogre (D:9)
  A hippogriff (D:8)
  A wyvern (D:8)
  An ogre (D:9)
  A phantom (D:4)
  2 howler monkeys
  A hound (D:7)
  A bullfrog skeleton (D:5)
  A leopard gecko (D:4)
  5 orcs
  2 jackals (D:4)
  7 kobolds
24 creatures vanquished.

Vanquished Creatures (others)
  A plant (D:8)
1 creature vanquished.

Grand Total: 288 creatures vanquished

Notes
Turn   | Place    | Note
-------+----------+-------------------------------------------
     0 | D:1      | troglodite the Demonspawn Berserker began the quest for the Orb.
     0 | D:1      | Reached XP level 1. HP: 18/18 MP: 1/1
   330 | D:1      | Gained mutation: You have a pair of small antennae on your head. [demonic ancestry]
   330 | D:1      | Reached XP level 2. HP: 23/24 MP: 2/2
   787 | D:2      | Reached skill level 2 in Armour
   861 | D:2      | Gained mutation: You have a pair of antennae on your head. [demonic ancestry]
   861 | D:2      | Reached XP level 3. HP: 24/29 MP: 3/3
  1036 | D:2      | Reached ** piety under Trog
  1398 | D:3      | Noticed komo4ek's ghost (amateur DEFE)
  1716 | D:2      | Gained mutation: You are immune to rotting. [demonic ancestry]
  1716 | D:2      | Reached XP level 4. HP: 37/37 MP: 4/4
  2265 | D:3      | Killed komo4ek's ghost
  2265 | D:3      | Reached skill level 1 in Short Blades
  2265 | D:3      | Reached skill level 3 in Armour
  2265 | D:3      | Reached XP level 5. HP: 39/42 MP: 5/5
  2511 | D:3      | Gained mutation: You have sharp fingernails. [demonic ancestry]
  2511 | D:3      | Reached XP level 6. HP: 46/48 MP: 6/6
  2837 | D:4      | Reached skill level 4 in Armour
  2929 | D:4      | Reached *** piety under Trog
  3578 | D:4      | Gained mutation: A weak demonic guardian rushes to your aid. [demonic ancestry]
  3578 | D:4      | Reached XP level 7. HP: 54/54 MP: 7/7
  3800 | D:4      | Reached skill level 5 in Armour
  3948 | D:4      | Found a staircase to the Ecumenical Temple.
  4090 | D:5      | Entered Level 5 of the Dungeon
  4110 | D:5      | Received a gift from Trog
  4136 | D:5      | Found a hazy altar of Hepliaklqana.
  4377 | D:5      | Reached skill level 1 in Stealth
  4390 | D:5      | Gained mutation: You have large cloven feet. [demonic ancestry]
  4390 | D:5      | Reached XP level 8. HP: 61/61 MP: 8/8
  4481 | D:5      | Reached skill level 5 in Fighting
  5104 | D:5      | Reached skill level 6 in Armour
  5376 | D:5      | Noticed Blork the orc
  5383 | D:5      | Killed Blork the orc
  5999 | D:6      | Reached **** piety under Trog
  6637 | D:7      | Reached XP level 9. HP: 65/69 MP: 9/9
  6646 | D:7      | Reached skill level 5 in Long Blades
  7153 | D:8      | Reached ***** piety under Trog
  7155 | D:8      | Reached skill level 7 in Armour
  7227 | D:8      | Reached skill level 5 in Dodging
  7555 | D:8      | Found a staircase to the Lair.
  7556 | D:8      | Noticed a komodo dragon
  7568 | D:8      | Killed a komodo dragon
  8269 | D:9      | Found a blossoming altar of Fedhas.
  8344 | D:9      | Noticed Maurice
  8397 | D:9      | Killed Maurice
  8455 | D:9      | Gained mutation: You have very sharp fingernails. [demonic ancestry]
  8455 | D:9      | Reached XP level 10. HP: 58/79 MP: 10/10
  8575 | D:9      | Noticed a two-headed ogre
  8582 | D:9      | Killed a two-headed ogre
  8582 | D:9      | Reached skill level 8 in Armour
  9093 | D:10     | Entered Level 10 of the Dungeon
  9364 | D:10     | Got a warped war axe
  9365 | D:10     | Identified the +8 war axe of the Big Fish {drain, rC+ Str+6} (You found it on level 10 of the Dungeon)
  9391 | D:10     | Noticed komo4ek's ghost (journeyman HuSu)
  9395 | D:10     | Noticed a sixfirhy
  9405 | D:10     | Killed komo4ek's ghost
  9405 | D:10     | Reached skill level 1 in Axes
  9989 | D:10     | Received a gift from Trog
 10302 | D:11     | Mangled by a komodo dragon

Skill      XL: |  1  2  3  4  5  6  7  8  9 10 |
---------------+-------------------------------+-----
Armour         | 2 3 4 5 6 7 8 |  8.5
Dodging        | 2 3 4 5 6 |  6.5
Long Blades    | 3 4 6 7 |  7.5
Short Blades   | 1 2 3 |  3.7
Fighting       | 4 5 7 |  7.9
Stealth        | 1 2 |  2.5
Axes           | 1 |  1.9

Action                   |  1- 3 |  4- 6 |  7- 9 | 10-12 || total
-------------------------+-------+-------+-------+-------++-------
Melee: Falchion          |    86 |       |       |       ||    86
       Dagger            |    39 |   255 |   161 |       ||   455
       Long sword        |       |       |   375 |   111 ||   486
       Kick              |       |       |    85 |       ||    85
       War axe           |       |       |       |    75 ||    75
Invok: Berserk           |       |     8 |     8 |     3 ||    19
  Use: Scroll            |       |       |    11 |     5 ||    16
 Stab: Sleeping          |     1 |       |       |       ||     1
       Distracted        |       |       |     5 |     1 ||     6
  Eat: Chunk             |     3 |     9 |    16 |     4 ||    32
       Ration            |       |     1 |     2 |     2 ||     5
Armor: Animal skin       |    15 |       |       |       ||    15
       Chain mail        |    81 |   131 |   233 |   116 ||   561
       Skin              |       |       |     6 |       ||     6
Dodge: Dodged            |    83 |    82 |   218 |   151 ||   534
       Rpst.: Falchion   |    17 |       |       |       ||    17
       Long sword        |       |       |    47 |    22 ||    69
